 Dungeon Crawl Stone Soup version 0.28.0 (webtiles) character file.

Game seed: 16390225210316673878

623 theElss the Skirmisher (level 7, -2/44 HPs)
             Began as a Gargoyle Berserker on Feb 17, 2022.
             Was a Priest of Trog.
             Slain by a bone dragon (7 damage)
             ... on level 2 of the Abyss.
             The game lasted 00:09:35 (4448 turns).

theElss the Skirmisher (Gargoyle Berserker)         Turns: 4448, Time: 00:09:35

Health: -2/44      AC: 15    Str: 20    XL:     7   Next: 47%
Magic:  7/7        EV:  8    Int:  8    God:    Trog [***...]
Gold:   81         SH:  0    Dex: 11    Spells: 6/6 levels left

rFire   . . .      SeeInvis .   i - +1 flail (protect)
rCold   + . .      Faith    .   (no shield)
rNeg    + . .      Spirit   .   l - +0 chain mail
rPois   ∞          Reflect  .   h - +0 helmet
rElec   +          Harm     .   (no cloak)
rCorr   .          Rampage  .   (no gloves)
Will    .....                   (no boots)
Stlth   ..........              (no amulet)
HPRegen 0.14/turn               j - ring of protection from cold
MPRegen 0.10/turn               (no ring)

@: no status effects
A: sickness immunity, AC +4, negative energy resistance 1, electricity
resistance, torment resistance 1, petrification resistance
a: Renounce Religion, Berserk, Trog's Hand


You were on level 2 of the Abyss.
You worshipped Trog.
Trog was most pleased with you.
You visited 1 branch of the dungeon, and saw 5 of its levels.
You visited the Abyss 1 time.

You collected 107 gold pieces.
You spent 26 gold pieces at shops.

Inventory:

Hand Weapons
 a - a +0 mace
 i - a +1 flail of protection (weapon)
Armour
 h - a +0 helmet (worn)
 l - a +0 chain mail (worn)
Jewellery
 j - a ring of protection from cold (left hand)
Wands
 b - a wand of digging (4)
Scrolls
 e - a scroll of amnesia {unknown}
 f - a scroll of enchant weapon {unknown}
 k - 2 scrolls of teleportation {unknown}
 m - 4 scrolls of silence {unknown}
 n - a scroll of identify
Potions
 c - 2 potions of heal wounds {unknown}
 d - a potion of lignification {unknown}
 g - 4 potions of cancellation {unknown}


   Skills:
 + Level 5.3 Fighting
 + Level 4.9 Maces & Flails
 + Level 4.7 Armour
 + Level 3.5 Dodging


You had 6 spell levels left.
You didn't know any spells.
Your spell library was empty.

Dungeon Overview and Level Annotations

Branches:
Dungeon (5/15)
 Temple: D:4-7

Altars:

Shops:
D:4 *


Innate Abilities, Weirdness & Mutations

You are immune to sickness and miasma.
Your stone body is resilient. (AC +4)
You are immune to poison.
You resist negative energy. (rN+)
You are resistant to electric shocks. (rElec)
You are resistant to unholy torment.
You are immune to petrification.


Message History

The gnoll hits you but does no damage.
You bludgeon the gnoll!!
You kill the gnoll!
Trog accepts your kill. The gnoll sergeant closely misses you.
The gnoll hits you but does no damage.
The gnoll sergeant hits you from afar with a +4 spear of distortion.
You are cast into the Abyss!
This branch contains the abyssal rune of Zot.
Unknown command.
You feel a strong urge to attack something.
You feel your anger nearly subside.
You are no longer berserk.
You are exhausted.
You feel yourself slow down.
You feel the effects of Trog's Hand fading.
You start resting.
Your skin stops crawling.
You feel less strong-willed.
You start resting.
A large abomination comes into view.
The large abomination hits you!
Found a gateway leading deeper into the Abyss.
You feel yourself speed up. The large abomination hits you!
* * * LOW HITPOINT WARNING * * *
There is a gateway leading deeper into the Abyss here.
You plunge deeper into the Abyss.
Unknown command.
You start resting.
You recover from your berserk rage.
You start resting.
A glowing orange brain comes into view.
You start resting.
A glowing orange brain is nearby!
You start resting.
A bone dragon comes into view.
You start resting.
A glowing orange brain is nearby!
The bone dragon bites you!
* * * LOW HITPOINT WARNING * * *
The bone dragon claws you!
You die...

...≈≈ .##.....##
#..# ≈.♣##..#....#
.. #..≈≈≈#...#...#
. ..#.≈≈≈.#.##...#
...#≈♣...#....## ..
#..≈≈#...#....# .
##.≈≈..#.....##
....#♣♣...D....#
...#..≈≈...@..#.
.####.##...........
#. #........... .
############ #.


You could see a bone dragon.

Vanquished Creatures
  A necrophage (D:4)
  A scorpion (D:5)
  4 hounds
  A jelly (D:4)
  An orc priest (D:3)
  An iguana (D:4)
  Terence (D:2)
  Robin (D:2)
  6 gnolls
  9 adders
  An adder skeleton (D:4)
  3 dart slugs
  2 orcs (D:3)
  6 ball pythons
  6 endoplasms
  6 giant cockroaches
  13 goblins
  12 hobgoblins
  5 quokkas
  6 bats
  3 frilled lizards
  10 kobolds
  7 rats
106 creatures vanquished.

Vanquished Creatures (others)
  9 plants
9 creatures vanquished.

Grand Total: 115 creatures vanquished

Notes
Turn   | Place    | Note
-------+----------+-------------------------------------------
     0 | D:1      | theElss the Gargoyle Berserker began the quest for the Orb.
     0 | D:1      | Reached XP level 1. HP: 14/14 MP: 1/1
   103 | D:1      | Reached XP level 2. HP: 11/19 MP: 2/2
   639 | D:1      | Reached XP level 3. HP: 23/23 MP: 3/3
  1253 | D:1      | Reached ** piety under Trog
  1820 | D:2      | Reached XP level 4. HP: 27/29 MP: 4/4
  2160 | D:2      | Reached skill level 4 in Fighting
  2431 | D:2      | Noticed Robin
  2434 | D:2      | Noticed Terence
  2471 | D:2      | Killed Terence
  2472 | D:2      | Reached XP level 5. HP: 33/33 MP: 5/5
  2629 | D:2      | Killed Robin
  3008 | D:3      | Found a faded altar of an unknown god.
  3475 | D:3      | You fall into a shaft and drop 1 floor!
  3481 | D:5      | Entered Level 5 of the Dungeon
  3483 | D:5      | Reached *** piety under Trog
  3484 | D:5      | Reached XP level 6. HP: 35/39 MP: 6/6
  3718 | D:4      | Noticed a necrophage
  3791 | D:4      | Found Foocitin's General Store.
  3818 | D:3      | Reached skill level 5 in Fighting
  3968 | D:4      | Reached XP level 7. HP: 38/44 MP: 7/7
  4184 | D:4      | Bought a scroll of identify for 26 gold pieces
  4351 | D:4      | Cast into level 1 of the Abyss (gnoll sergeant)
  4366 | Abyss:1  | Noticed a large abomination
  4411 | Abyss:2  | Noticed a glowing orange brain
  4432 | Abyss:2  | Noticed a bone dragon
  4448 | Abyss:2  | Slain by a bone dragon

Illustrated notes

Levels and vault maps discovered:
D:1:      saegor_arrival_under_anarchy, layout_loops_ring, dk_noncrumbling_4
D:2:      layout_basic, kennysheep_cross_room, uniq_natasha, uniq_terence,
          uniq_robin
D:3:      layout_basic, chequers_ecumenical_altar_island
D:4:      layout_rooms, fedhas_ov_isle_minmay,
          minmay_temple_entry_gardened_gates, serial_shops,
          nicolae_stop_n_shop_2
D:5:      layout_gridville, palyth_stone_intersect,
          minmay_fractal_squares_gapless_5
Abyss:2:  base:
Temple

Skill      XL: |  1  2  3  4  5  6 |
---------------+-------------------+-----
Dodging        | 2 3 |  3.5
Armour         | 3 4 |  4.7
Fighting       | 4 5 |  5.3
Maces & Flails | 4 |  4.9

Action                   |  1- 3 |  4- 6 |  7- 9 || total
-------------------------+-------+-------+-------++-------
Melee: Mace              |   127 |    60 |       ||   187
       Punch             |     1 |     3 |       ||     4
       Flail             |       |   144 |    66 ||   210
Invok: Berserk           |       |     4 |     1 ||     5
       Trog's Hand       |       |       |     1 ||     1
 Stab: Sleeping          |     1 |       |       ||     1
Armor: Animal skin       |    51 |    18 |       ||    69
       Chain mail        |       |    95 |    67 ||   162
       Scale mail        |       |    22 |       ||    22
Dodge: Dodged            |    88 |   101 |    33 ||   222
